 Dungeon Crawl Stone Soup version 0.20.1-1-g8b1a95d (webtiles) character file.

86 shivee the Slasher (level 4, -5/36 (37) HPs)
             Began as a Ghoul Warper on Oct 29, 2017.
             Slain by Prince Ribbit (14 damage)
             ... on level 5 of the Dungeon on Oct 30, 2017.
             The game lasted 00:26:07 (2246 turns).

shivee the Slasher (Ghoul Warper)                   Turns: 2246, Time: 00:26:08

HP:   -5/36 (37)    AC:  7    Str: 14    XL:     4   Next: 49%
MP:   6/6           EV:  9    Int:  9    God:
Gold: 155           SH:  0    Dex:  8    Spells: 5/7 levels left

rFire    . . .     SeeInvis .   a - +1 falchion
rCold    + . .     Gourm    .   (no shield)
rNeg     + + +     Faith    .   o - +0 scale mail
rPois    ∞         Spirit   .   A - +0 helmet
rElec    .         Reflect  .   (no cloak)
rCorr    .         Harm     .   (no gloves)
MR       .....                  (no boots)
Stlth    ..........             (no amulet)
Regen    0.0/turn               (no ring)
MPRegen  0.1/turn               (no ring)

@: rotting
A: rotting body, claws 1, carnivore 3, cold resistance 1, negative energy
resistance 3, inhibited regeneration, torment resistance, unbreathing
a: no special abilities


You were on level 5 of the Dungeon.
You were not hungry.

You visited 1 branch of the dungeon, and saw 5 of its levels.

You collected 155 gold pieces.

Inventory:

Hand Weapons
 a - a +1 falchion (weapon)
 i - a +0 dagger
 k - a +0 club
 r - a +0 mace
 s - a +0 dagger
 t - a +0 whip
 u - a +0 dagger
 w - a +0 dagger
 C - a +0 dagger
 D - a +0 hand axe
Missiles
 e - 5 tomahawks of dispersal (quivered)
 g - 4 needles of confusion
 h - 113 stones
 p - 35 arrows
 x - 66 bolts
 y - 22 sling bullets
Armour
 b - a +0 leather armour
 o - a +0 scale mail (worn)
 A - a +0 helmet (worn)
 F - a +0 helmet
 I - a +0 chain mail
 K - a +0 leather armour
Scrolls
 d - 2 scrolls of blinking
 n - 2 scrolls of immolation
 E - a scroll of amnesia {unknown}
 G - a scroll of identify
 J - a scroll of enchant weapon
Potions
 j - 2 potions of mutation {unknown}
 v - 2 potions of heal wounds
 z - a potion of ambrosia {unknown}
 B - a potion of curing {unknown}
 H - a potion of flight {unknown}
 L - a potion of cancellation {unknown}
 M - 2 potions of resistance {unknown}
Books
 c - a book of Spatial Translocations

   Spells                             Type                      Level
   a - Blink                          Translocation                2
   b - Shroud of Golubria             Charms/Translocation         2
   c - Lesser Beckoning               Translocation                3
   d - Gell's Gravitas                Translocation                3
   e - Teleport Other                 Translocation                3
   f - Passage of Golubria            Translocation                4
Comestibles
 f - a meat ration
 l - a chunk of flesh
 m - 2 royal jellies
 q - 5 fruits


   Skills:
 + Level 2.4 Fighting
 + Level 3.1 Long Blades
 + Level 0.8 Throwing
 + Level 1.6 Armour
 + Level 2.2 Dodging
 + Level 2.1 Spellcasting
 + Level 2.6 Translocations


You had 5 spell levels left.
You knew the following spells:

 Your Spells              Type           Power        Failure   Level  Hunger
a - Blink                 Tloc           N/A          56%         2    ###....


Dungeon Overview and Level Annotations

Branches:
Dungeon (5/15)
 Temple: D:4-7

Altars:

Annotations:
D:5 Prince Ribbit


Innate Abilities, Weirdness & Mutations

Your body is rotting away.
You thrive on raw meat.
You are immune to poison.
You have sharp fingernails.
You are carnivorous and can eat meat at any time.
Your flesh is cold resistant. (rC+)
You are immune to negative energy. (rN+++)
You do not regenerate when monsters are visible.
You are immune to unholy pain and torment.
You can survive without breathing.


Message History

Prince Ribbit comes into view.
Prince Ribbit croaks.
Found a sedimented blue potion.
Found a stone staircase leading up.
You barely miss the hound. The hound bites you. The hound barely misses you.
You closely miss the hound. The hound closely misses you.
You riposte.
You slash the hound!
The hound is heavily wounded.
You barely miss the hound.
The hound is heavily wounded.
The hound closely misses you. Prince Ribbit hits you! The hound bites you.
You closely miss the hound.
The hound is heavily wounded.
Prince Ribbit closely misses you. The hound closely misses you.
Prince Ribbit hits you!
* * * LOW HITPOINT WARNING * * *
The hound barely misses you.
You barely miss the hound.
The hound is moderately wounded.
Prince Ribbit hits you!
You die...

...#####+##
.........#
#........#
#........# #
#........#
###.#........#
#<..!...F....#
#...h@.....#
###...#+####
###.# #.. ##.
.. .. ...


You could see Prince Ribbit and a hound.

Vanquished Creatures
  An adder (D:3)
  A worm (D:2)
  2 dart slugs (D:2)
  3 leopard geckos (D:1)
  An orc (D:3)
  2 ball pythons
  4 giant cockroaches
  6 goblins
  7 hobgoblins
  4 jackals (D:1)
  10 bats
  6 frilled lizards
  6 kobolds
  10 rats
63 creatures vanquished.

Notes
Turn   | Place    | Note
-------+----------+-------------------------------------------
     0 | D:1      | shivee the Ghoul Warper began the quest for the Orb.
     0 | D:1      | Reached XP level 1. HP: 17/17 MP: 2/2
    48 | D:1      | Reached skill level 1 in Armour
    85 | D:1      | Reached skill level 2 in Long Blades
    85 | D:1      | Reached XP level 2. HP: 24/24 MP: 4/4
    89 | D:1      | Learned a level 2 spell: Blink
   548 | D:1      | Reached XP level 3. HP: 20/30 MP: 5/5
  1558 | D:2      | Reached XP level 4. HP: 35/37 MP: 6/6
  1942 | D:2      | Reached skill level 3 in Long Blades
  2241 | D:5      | Entered Level 5 of the Dungeon
  2241 | D:5      | Noticed Prince Ribbit
  2246 | D:5      | Slain by Prince Ribbit

Skill      XL: |  1  2  3  4 |
---------------+-------------+-----
Dodging        | 2 |  2.2
Armour         | 1 |  1.6
Long Blades    | 2 3 |  3.1
Spellcasting   | 2 |  2.1
Fighting       | |  2.4
Throwing       | |  0.8
Translocations | |  2.6

Action                   |  1- 3 |  4- 6 || total
-------------------------+-------+-------++-------
Melee: Falchion          |   147 |    61 ||   208
  Use: Scroll            |     5 |       ||     5
  Eat: Chunk             |    13 |     6 ||    19
Armor: Leather armour    |    43 |       ||    43
       Scale mail        |    53 |    24 ||    77
Dodge: Dodged            |   111 |    31 ||   142
       Rpst.: Falchion   |    30 |     5 ||    35
